 Dungeon Crawl Stone Soup version 0.31-a0-819-gf6de2f5ab6 (webtiles) character file.

Game seed: 17372467096933675043

1467789 Hi5aMiFi the Worldbinder (level 27, 219/219 HPs)
             Began as a Barachi Summoner on Sept 25, 2023.
             Was an Initiate of Gozag.
             Escaped with the Orb
             ... and 3 runes on Oct 3, 2023!
             The game lasted 12:31:18 (92329 turns).

Hi5aMiFi the Worldbinder (Barachi Summoner)        Turns: 92329, Time: 12:31:19

Health: 219/219    AC: 17    Str:  9    XL:     27
Magic:  43/43      EV: 16    Int: 44    God:    Gozag
Gold:   2463       SH: 22    Dex: 13    Spells: 3/59 levels left

rFire   + + +        t - +10 sling of Anguish {flame, rF+ Int+3}
rCold   + + +        a - +2 shield of Resistance {rF++ rC++ Will++}
rNeg    + + .        L - +1 robe "Kazix" {rC+ rN++ Slay-6 SInv}
rPois   .            k - +2 hat "Roix Xergh" {rElec rCorr}
rElec   +            V - scarf {rC+ rF+}
rCorr   +            e - +2 pair of gloves {Stlth+}
SInv    +            n - +2 pair of boots of Sif Muna's Delight {Str+2 Int+2}
Will    ++++.        S - amulet of reflection
Stlth   ++           d - +6 ring of intelligence
HPRegen 0.56/turn    u - ring of the Pariah {rCorr AC+4 Int+3 Stlth+}
MPRegen 0.28/turn

%: reflection
@: hasted, very quick
A: amphibious, slowness 1, strong legs 2, +LOS, claws 1, shaggy fur 1, weak 1
0: Orb of Zot
}: 3/15 runes: barnacled, slimy, gossamer
a: Hop, Renounce Religion, Potion Petition, Call Merchant, Bribe Branch


You escaped.
You worshipped Gozag.
Gozag was most pleased with you.
You visited 11 branches of the dungeon, and saw 54 of its levels.
You also visited: Trove, Sewer, Bailey and Ice Cave.

You collected 28920 gold pieces.
You spent 5238 gold pieces at shops.
You paid 21219 gold pieces to Gozag.

Inventory:

Hand Weapons
 t - the +10 sling of Anguish (weapon) {flame, rF+ Int+3}
   (You took it off a deep elf archer on level 3 of the Elven Halls)

   Int+3:     It affects your intelligence (+3).
   rF+:       It protects you from fire.
 U - the +8 trishula "Condemnation" {holy, anguish, *Noise Fly rN+}
   (You found it on level 11 of the Dungeon)

   rN+:       It protects you from negative energy.
   Fly:       It grants you flight.
   *Noise:    It may make a loud noise when swung.
Missiles
 w - 5 throwing nets
 y - 27 curare-tipped darts
Armour
 a - the +2 shield of Resistance (worn) {rF++ rC++ Will++}
   (You found it in a treasure trove)

   rF++:      It greatly protects you from fire.
   rC++:      It greatly protects you from cold.
   Will++:    It greatly increases your willpower.
 e - a +2 pair of gloves of stealth (worn)
 k - the +2 hat "Roix Xergh" (worn) {rElec rCorr}
   (You found it in a treasure trove)

   rElec:     It insulates you from electricity.
   rCorr:     It protects you from acid and corrosion.
 n - the +2 pair of boots of Sif Muna's Delight (worn) {Str+2 Int+2}
   (You bought it in a shop on level 12 of the Dungeon)

   Str+2:     It affects your strength (+2).
   Int+2:     It affects your intelligence (+2).
 o - the +2 hat of Docizuno {+Blink rF- Will+++ Str-3}
   (You bought it in a shop on level 10 of the Dungeon)

   Str-3:     It affects your strength (-3).
   rF-:       It makes you vulnerable to fire.
   Will+++:   It greatly increases your willpower.
   +Blink:    It lets you blink.
 G - a +2 helmet of see invisible
 L - the +1 robe "Kazix" (worn) {rC+ rN++ Slay-6 SInv}
   (You found it on level 10 of the Dungeon)

   Slay-6:    It affects your accuracy & damage with ranged weapons and melee
   (-6).
   rC+:       It protects you from cold.
   rN++:      It greatly protects you from negative energy.
   SInv:      It lets you see invisible.
 V - a scarf of resistance (worn)
Magical Staves
 T - the staff of Honour {rPois rF+ MP+9 Dex-4 Stlth+ Fire}
   (You found it on level 3 of the Crypt)

   [staff of fire]

   Base accuracy: +5 Base damage: 5 Base attack delay: 1.2 This weapon's minimum
   attack delay (0.6) is reached at skill level 12.
   Dex-4:     It affects your dexterity (-4).
   rF+:       It protects you from fire.
   rPois:     It protects you from poison MP+9: It affects your magic capacity
   (+9).
   Stlth+:    It makes you more stealthy.
   Fire:      It increases the power of your Fire spells.
   It falls into the 'Staves' category.
   It is a one-handed weapon.
Jewellery
 d - a +6 ring of intelligence (left hand)
 l - a +5 ring of evasion
 s - the ring "Tythry" {rN+ rCorr Int+3 Dex+3}
   (You bought it in a shop on level 10 of the Dungeon)

   [ring of resist corrosion]

   Int+3:     It affects your intelligence (+3).
   Dex+3:     It affects your dexterity (+3).
   rN+:       It protects you from negative energy.
   rCorr:     It protects you from acid and corrosion.
 u - the ring of the Pariah (right hand) {rCorr AC+4 Int+3 Stlth+}
   (You found it on level 3 of the Elven Halls)

   [ring of protection]

   AC+4:      It affects your AC (+4).
   Int+3:     It affects your intelligence (+3).
   rCorr:     It protects you from acid and corrosion.
   Stlth+:    It makes you more stealthy.
 B - the ring of Yreciysh {rElec rN+}
   (You found it on level 3 of the Crypt)

   [ring of positive energy]

   rElec:     It insulates you from electricity.
   rN+:       It protects you from negative energy.
 C - the ring "Loohiac" {Fly rF+ rC+ MP+9 Dex-4}
   (You bought it in a shop on level 13 of the Dungeon)

   [ring of magical power]

   Dex-4:     It affects your dexterity (-4).
   rF+:       It protects you from fire.
   rC+:       It protects you from cold.
   MP+9:      It affects your magic capacity (+9).
   Fly:       It grants you flight.
 D - the ring of Keqej {Fly Will+ Str-3 SInv}
   (You took it off a deep elf archer on level 3 of the Elven Halls)

   [ring of willpower]

   Str-3:     It affects your strength (-3).
   Will+:     It increases your willpower.
   SInv:      It lets you see invisible.
   Fly:       It grants you flight.
 I - a ring of wizardry
 O - a ring of poison resistance
 S - an amulet of reflection (around neck)
Wands
 A - a wand of paralysis (21)
 Q - a wand of iceblast (27)
 R - a wand of digging (5)
 X - a wand of acid (25)
Scrolls
 b - 3 scrolls of amnesia
 c - 14 scrolls of teleportation
 m - a scroll of torment
 r - 4 scrolls of vulnerability
 v - 9 scrolls of immolation
 x - 3 scrolls of blinking
 H - 7 scrolls of silence
 J - 5 scrolls of fog
 Y - 2 scrolls of revelation
 Z - 5 scrolls of poison
Potions
 g - 11 potions of curing
 h - 5 potions of heal wounds
 i - 3 potions of haste
 p - 8 potions of cancellation
 q - 4 potions of might
 z - 4 potions of lignification
 E - 4 potions of invisibility
 F - 8 potions of enlightenment
 M - a potion of brilliance
 N - 6 potions of mutation
 W - 4 potions of resistance


   Skills:
 - Level 18.5 Fighting
 - Level 7.0 Polearms
 - Level 10.0 Ranged Weapons
 - Level 3.0 Throwing
 - Level 10.0 Armour
 - Level 11.5 Dodging
 - Level 1.7 Stealth
 - Level 21.0 Shields
 - Level 16.5 Spellcasting
 - Level 3.0 Hexes
 + Level 22.7 Summonings
 - Level 15.0 Necromancy
 - Level 18.0 Translocations
 - Level 20.5 Fire Magic
 - Level 3.8 Ice Magic
 - Level 7.5 Air Magic
 - Level 10.0 Evocations


You had 3 spell levels left.
You knew the following spells:

 Your Spells              Type           Power      Damage    Failure   Level
a - Summon Mana Viper     Hex/Summ       99%        N/A       1%          5
b - Ignition              Fire           60%        3d16      1%          8
c - Haunt                 Necr/Summ      58%        N/A       1%          7
d - Monstrous Menagerie   Summ           62%        N/A       1%          7
e - Summon Lightning Spi  Summ/Air       100%       N/A       1%          4
f - Swiftness             Air            80%        N/A       1%          3
h - Malign Gateway        Summ/Tloc      60%        N/A       1%          7
i - Blink                 Tloc           100%       N/A       0%          2
j - Passage of Golubria   Tloc           100%       N/A       0%          4
k - Dispersal             Tloc           57%        N/A       1%          6
l - Apportation           Tloc           100%       N/A       0%          1
m - Sublimation of Blood  Necr           100%       N/A       0%          2

Your spell library contained the following spells:

 Spells                   Type           Power      Damage    Failure   Level
 Necrotise                Necr           100%       1d9       0%          1
 Summon Small Mammal      Summ           100%       N/A       0%          1
 Call Imp                 Summ           100%       N/A       0%          2
 Call Canine Familiar     Summ           100%       N/A       0%          3
 Gell's Gravitas          Tloc           100%       N/A       0%          3
 Summon Guardian Golem    Hex/Summ       99%        N/A       0%          3
 Teleport Other           Tloc           100%       N/A       0%          3
 Volatile Blastmotes      Fire/Tloc      100%       2d18      0%          3
 Freeze                   Ice            100%       1d10      1%          1
 Magic Dart               Conj           100%       1d8       1%          1
 Sandblast                Erth           72%        2d16      1%          1
 Shock                    Conj/Air       100%       1d9       1%          1
 Sting                    Tmut/Pois      100%       1d8       1%          1
 Cigotuvi's Dreadful Rot  Necr/Pois/Air  100%       N/A       1%          2
 Jinxbite                 Hex            100%       N/A       1%          2
 Passwall                 Tmut/Erth      30%        N/A       1%          2
 Poisonous Vapours        Pois/Air       100%       N/A       1%          2
 Searing Ray              Conj           72%        2d7       1%          2
 Static Discharge         Conj/Air       100%       2-7/arc   1%          2
 Wereblood                Tmut           36%        N/A       1%          2
 Dazzling Flash           Conj/Hex       98%        N/A       1%          3
 Frozen Ramparts          Ice            100%       1d16      1%          3
 Hailstorm                Conj/Ice       52%        3d12      1%          3
 Inner Flame              Hex/Fire       96%        N/A       1%          3
 Mephitic Cloud           Conj/Pois/Air  55%        N/A       1%          3
 Ozocubu's Armour         Ice            63%        N/A       1%          3
 Tukima's Dance           Hex            58%        N/A       1%          3
 Stone Arrow              Conj/Erth      72%        3d11      3%          3
 Airstrike                Air            40%        2d(6-22)  1%          4
 Anguish                  Hex/Necr       43%        N/A       1%          4
 Animate Armour           Summ/Erth      100%       N/A       1%          4
 Dimensional Bullseye     Hex/Tloc       45%        N/A       1%          4
 Dispel Undead            Necr           100%       3d31      1%          4
 Flame Wave               Conj/Fire      91%        2d19      1%          4
 Iskenderun's Mystic Bla  Conj/Tloc      86%        2d17      1%          4
 Sticky Flame             Conj/Fire      91%        2d10      1%          4
 Summon Ice Beast         Ice/Summ       100%       N/A       1%          4
 Vhi's Electric Charge    Tloc/Air       100%       N/A       1%          4
 Borgnjor's Vile Clutch   Necr/Erth      40%        N/A       1%          5
 Fireball                 Conj/Fire      45%        3d18      1%          5
 Death Channel            Necr           53%        N/A       1%          6
 Plasma Beam              Fire/Air       51%        2x1d66    1%          6
 Summon Hydra             Summ           62%        N/A       1%          7
 Disjunction              Tloc           57%        N/A       4%          8
 Fulminant Prism          Conj/Hex       24%        3d12      5%          4
 Leda's Liquefaction      Hex/Erth       24%        N/A       5%          4
 Arcjolt                  Conj/Air       31%        1d41      6%          5
 Freezing Cloud           Conj/Ice/Air   31%        6-21      6%          5
 Brom's Barrelling Bould  Conj/Erth      36%        2d6       10%         4
 Olgreb's Toxic Radiance  Pois           36%        N/A       10%         4
 Borgnjor's Revivificati  Necr           53%        N/A       14%         8
 Yara's Violent Unravell  Hex/Tmut       24%        3d11      16%         5
 Alistair's Intoxication  Tmut/Pois      24%        N/A       28%         5
 Iskenderun's Battlesphe  Conj           36%        2d9       28%         5
 Lee's Rapid Deconstruct  Erth           18%        3d11*     28%         5
 Conjure Ball Lightning   Conj/Air       31%        3x3d10    32%         6
 Bombard                  Conj/Erth      18%        9d4       83%         6
 Eringya's Noxious Bog    Tmut/Pois      18%        4d6       83%         6
 Ozocubu's Refrigeration  Ice            31%        4d14      87%         7
 Death's Door             Necr           53%        N/A       91%         9
 Maxwell's Capacitive Co  Air            40%        ∞         97%         8
 Orb of Destruction       Conj           18%        9d8       100%        7
 Discord                  Hex            29%        N/A       100%        8
 Lehudib's Crystal Spear  Conj/Erth      18%        10d5      100%        8
 Chain Lightning          Conj/Air       31%        3d41      100%        9
 Fire Storm               Conj/Fire      45%        8d12      100%        9
 Shatter                  Erth           18%        3d17*     100%        9
 Animate Dead             Necr           Unusable   N/A       N/A         4

Dungeon Overview and Level Annotations

Branches:
Dungeon (15/15)            Temple (0/1) D:6            Lair (5/5) D:11
 Shoals (4/4) Lair:3       Spider (4/4) Lair:2        Slime (5/5) Lair:4
    Orc (2/2) D:11            Elf (3/3) Orc:2        Vaults (4/5) D:13
  Crypt (3/3) Vaults:3       Tomb (0/3) Crypt:3      Depths (4/4) D:15
    Zot (5/5) Depths:4      Sewer (visited)          Bailey (visited)
  IceCv (visited)

Altars:
Ashenzari
Cheibriados
Fedhas
Gozag
Hepliaklqana
Nemelex Xobeh
Okawaru
Vehumet
Yredelemnul
The Shining One
Jiyva

Shops:
D:3 *   D:6 :   D:10 *=   D:12 [   D:13 :=   Orc:2 *([(?   Vaults:3 !
Depths:1 *   Depths:2 *   Depths:3 =   Depths:4 ==:

Portals:
Hell: Depths:1 Depths:2 Depths:3 Depths:4
Abyss: Crypt:3 Depths:3
Pandemonium: Depths:2
Ziggurat: Depths:4

Annotations:
Crypt:3 2 transporters


Innate Abilities, Weirdness & Mutations

You are amphibious.
You cover ground slowly.
You can hop long distances.
You have an extended range of vision and can be seen from far away.
You have sharp fingernails.
You are covered in fur. (AC +1)
You are weak. (Str -2)


Message History

The eldritch tentacle writhes!
The eldritch tentacle writhes!
The eldritch tentacle writhes!
The eldritch tentacle writhes!
The eldritch tentacle writhes!
The eldritch tentacle is destroyed!
There is a stone staircase leading up here.
You climb upwards.
There is a stone staircase leading down here.
There is a stone staircase leading up here.
You climb upwards.
There is a stone staircase leading down here.
Aiming: Dig
Press: ? - help, Shift-Dir - straight line A rock wall.
This square is covered in magical glow.
The rock shatters into small pieces.
An Orb Guardian comes into view.
There is a stone staircase leading up here.
You climb upwards.
There is a stone staircase leading down here.
You feel yourself speed up.
There is a stone staircase leading up here.
You climb upwards.
There is a stone staircase leading down here.
Aiming: Dig
Press: ? - help, Shift-Dir - straight line A rock wall.
This square is covered in magical glow.
The rock shatters into small pieces.
There is a stone staircase leading up here.
You climb upwards.
There is a stone staircase leading down here.
Blink to where?
Press: ? - help, Dir - move target
As you read the scroll of blinking, it crumbles to dust.
Blink to where?
Press: ? - help, Dir - move target
As you read the scroll of blinking, it crumbles to dust.
You have escaped!

#.# #.# ###.##### #########
############.......# #.......#
...........#.......# #.......#
.#.#.####......#'#.####.......#
.#^#.# #.......#.#............#
.#.#.###.....###.######.......#
.#.....#....§#..@..# #.......#
.###.#.#########.#######......#
.# #.#.#.+.............'.#>######
.###.....####.#####.#####.......#
.....#.#..###.#####.#####..####.#
###.....#..'.........'.....## #.#
#.##..########.#######....###.#
#..#..# #...........##........#
##.....########.######.........#


There were no monsters in sight!

Vanquished Creatures
  2 Killer Klowns (Zot:4)
  An Ice Fiend (Depths:4)
  2 Orb Guardians (Zot:5)
  A quicksilver dragon (Zot:3)
  4 deep elf master archers (Elf:3)
  An acid blob (Slime:5)
  2 sphinxes (Vaults:4)
  A death cob (Zot:2)
  An ancient champion (Crypt:2)
  4 azure jellies (Slime:5)
  A draconian monk (Zot:1)
  A storm dragon (Zot:2)
  A deep elf sorcerer (Elf:3)
  A vault warden (Vaults:1)
  3 draconian shifters
  A draconian stormcaller (Zot:3)
  A draconian annihilator (Zot:1)
  3 quicksilver oozes (Slime:5)
  A formless jellyfish (Vaults:4)
  2 deep elf demonologists (Elf:3)
  5 green draconians
  5 black draconians
  Nessos (Lair:5)
  5 purple draconians
  2 yellow draconians
  A white draconian (Zot:2)
  A deep elf death mage (Elf:3)
  2 deep elf high priests (Elf:3)
  A merfolk javelineer (Shoals:4)
  A great orb of eyes (Slime:5)
  A yaktaur captain (Vaults:1)
  A catoblepas (Lair:4)
  3 dancing weapons
  A deep troll earth mage (Depths:1)
  A demonic crawler (Spider:2)
  2 skeletal warriors
  2 spriggans (Depths:1)
  A skyshark (Lair:4)
  A shadow wraith (Crypt:2)
  3 deep trolls (Depths:1)
  A deep elf archer (Elf:1)
  A phantasmal warrior (Vaults:3)
  A deep elf zephyrmancer (Elf:1)
  6 moths of wrath
  A wolf spider (Spider:4)
  A faun (shapeshifter) (D:13)
  2 fauns (Shoals:1)
  2 manticores (Shoals:2)
  A black mamba (Lair:2)
  An elephant (Lair:5)
  2 water nymphs
  A vault sentinel (Vaults:3)
  An apis skeleton (Crypt:2)
  An ice statue (D:11)
  A kobold demonologist (D:9)
  A freezing wraith (Crypt:2)
  3 yaktaurs
  A rime drake (Lair:1)
  A red devil (Elf:1)
  A death yak skeleton (Crypt:2)
  A wind drake (Shoals:1)
  2 tarantellas (Spider:1)
  A tyrant leech (Lair:5)
  3 hornets
  3 blink frogs
  A guardian serpent zombie (Crypt:1)
  A jumping spider (Spider:2)
  A vampire (D:14)
  2 wraiths
  A culicivora (Lair:2)
  2 yaks
  5 redbacks
  A swamp worm (shapeshifter) (Vaults:3)
  A warg (Orc:2)
  2 water moccasins
  2 nameless horrors
  A fire bat skeleton (Crypt:1)
  2 orc warriors
  A black bear (Lair:4)
  3 wolves
  A centaur (D:8)
  6 bullfrogs
  An earth elemental (Elf:1)
  A two-headed ogre simulacrum (IceCv)
  A howler monkey (D:10)
  8 orc priests (Orc:2)
  4 orc wizards
  A spriggan simulacrum (IceCv)
  A troll simulacrum (IceCv)
  10 orcs
  A giant cockroach (D:3)
  A kobold (Sewer)
  A quokka (D:3)
  2 bats
  A goblin (D:7)
  A rat (D:3)
181 creatures vanquished.

Vanquished Creatures (collateral kills)
  the Royal Jelly (Slime:5)
  2 dread liches
  4 orbs of fire
  2 ancient liches (Crypt:3)
  Boris (Crypt:1)
  Saint Roka (Orc:2)
  Margery (Depths:1)
  Bai Suzhen (Spider:3)
  A Killer Klown (Zot:5)
  3 curse toes
  7 golden dragons
  A profane servitor (Crypt:2)
  A bone dragon (Crypt:3)
  2 electric golems (Zot:5)
  A Tzitzimitl (D:9)
  10 tentacled monstrosities
  Zenata (Elf:2)
  24 Orb Guardians
  Jorgrun (Elf:1)
  2 liches
  Asterion (Vaults:3)
  A deep elf blademaster (Elf:3)
  A titan (Depths:4)
  15 acid blobs
  2 quicksilver dragons
  Polyphemus (Shoals:3)
  2 sphinxes
  Frances (Elf:1)
  5 ancient champions (Crypt:3)
  3 krakens
  2 Executioners
  12 death cobs
  4 eldritch tentacles
  13 shadow dragons
  Donald (Elf:2)
  A tengu reaver (Vaults:3)
  10 storm dragons
  4 draconian monks
  Roxanne (Elf:1)
  8 draconian knights
  6 azure jellies
  Aizul (Vaults:2)
  4 fire giants
  5 rockslimes
  4 revenants
  2 emperor scorpions
  2 iron dragons
  7 frost giants
  A balrug (Zot:3)
  7 draconian scorchers
  4 deep elf sorcerers (Elf:3)
  A curse skull (Crypt:1)
  9 vault wardens
  5 draconian shifters
  4 draconian stormcallers
  An orc warlord (Vaults:4)
  3 draconian annihilators
  Louise (Shoals:1)
  3 deep elf elementalists (Elf:3)
  5 ghost moths
  A broodmother (Spider:3)
  A juggernaut skeleton (Crypt:3)
  3 ghouls
  4 quicksilver oozes
  3 war gargoyles
  A spriggan defender (Depths:2)
  11 stone giants
  12 ironbound thunderhulks
  A reaper (IceCv)
  17 very ugly things
  15 ironbound preservers
  A vampire knight (Depths:1)
  16 formless jellyfish
  4 deep elf demonologists
  18 green draconians
  6 yellow draconians
  2 deep elf annihilators (Elf:3)
  7 black draconians
  12 red draconians
  8 white draconians
  11 purple draconians
  An eidolon (Crypt:2)
  15 dire elephants
  3 crystal guardians
  8 spark wasps
  9 deep elf death magi
  Josephine (Lair:3)
  5 ettins
  2 blizzard demons (Zot:5)
  Snorg (Lair:3)
  4 merfolk javelineers (Shoals:4)
  A green death (Zot:1)
  2 pearl dragon zombies (Crypt:2)
  5 jiangshi (Crypt:1)
  5 merfolk impalers
  13 great orbs of eyes
  7 entropy weavers (Spider:4)
  6 fire dragons
  3 rakshasas
  3 deep elf high priests (Elf:3)
  5 yaktaur captains
  3 peacekeepers
  2 hydras
  3 spriggan air magi
  A juggernaut simulacrum (Depths:3)
  A spriggan skeleton (Crypt:1)
  10 ice dragons
  12 ironbound frosthearts
  5 vault guards
  3 ogre magi
  7 merfolk avatars
  8 merfolk aquamancers
  3 catoblepae
  A fenstrider witch skeleton (Crypt:2)
  5 death knights
  6 radroaches
  2 alligator snapping turtles (Shoals:4)
  20 dancing weapons
  3 satyrs
  18 boulder beetles
  15 two-headed ogres
  A two-headed ogre (shapeshifter) (D:15)
  2 jorogumos
  2 orc high priests
  16 centaur warriors
  5 vampire magi
  A titan zombie (Crypt:1)
  6 tengu warriors
  3 hell hogs (Crypt:2)
  8 death yaks
  2 deep troll shamans
  5 deep troll earth magi
  10 demonic crawlers
  14 deep elf knights
  10 spriggan berserkers
  3 soul eaters
  5 hell knights
  3 shadow wraiths
  A spark wasp zombie (Depths:1)
  13 skysharks
  A sun moth (Spider:4)
  A death drake (shapeshifter) (Depths:4)
  21 skeletal warriors
  5 iron trolls
  5 pharaoh ants
  6 sea snakes
  3 flayed ghosts
  54 deep trolls
  A glowing orange brain (shapeshifter) (Depths:4)
  A cherub (D:9)
  12 deep elf archers
  17 harpies
  2 glowing orange brains
  A shadow dragon zombie (Crypt:1)
  A tengu zombie (Depths:3)
  A wolf spider zombie (Crypt:2)
  3 phantasmal warriors
  6 steelbarb worms
  6 necromancers
  11 lindwurms
  7 orb spiders
  21 deep elf zephyrmancers
  Pikel (D:5)
  17 ironbound convokers
  4 wizards
  22 deep elf pyromancers
  An orc knight (Orc:2)
  29 ugly things
  2 human zombies (Vaults:3)
  10 fauns
  2 orc sorcerers (Orc:2)
  16 manticores
  A shadow dragon skeleton (Crypt:3)
  31 moths of wrath
  9 cyclopes
  5 shining eyes
  18 wolf spiders
  3 apis skeletons (Crypt:2)
  11 merfolk sirens
  11 elephants
  Maurice (Orc:2)
  An elephant (shapeshifter) (D:13)
  A fire giant skeleton (Vaults:3)
  17 vault sentinels
  2 human skeletons (Vaults:1)
  A shock serpent zombie (Crypt:1)
  3 eyes of devastation
  A dire elephant zombie (Crypt:1)
  A naga skeleton (Crypt:3)
  5 water nymphs
  2 black mambas (Lair:5)
  A smoke demon (D:9)
  A guardian serpent (shapeshifter) (Elf:2)
  2 gargoyles (D:12)
  21 cane toads
  5 kobold demonologists
  A black draconian zombie (Crypt:1)
  A spriggan zombie (Depths:1)
  A centaur skeleton (Crypt:3)
  A rime drake (Lair:1)
  Psyche (D:11)
  4 torpor snails
  An iron troll zombie (Crypt:2)
  20 yaktaurs
  A komodo dragon (shapeshifter) (D:13)
  2 yaktaurs (shapeshifter)
  4 komodo dragons
  4 ice devils
  An efreet (D:12)
  2 grey draconian skeletons
  A guardian mummy (D:15)
  4 freezing wraiths
  19 merfolk
  A queen bee (shapeshifter) (Elf:3)
  10 trolls
  3 red devils (Elf:1)
  7 meliai
  A purple draconian skeleton (Crypt:1)
  A tyrant leech (Lair:5)
  4 polar bears
  A hellwing (D:9)
  A hornet (shapeshifter) (Elf:1)
  8 wind drakes
  6 hornets
  5 snapping turtles (Shoals:4)
  14 tarantellas
  11 blink frogs
  A fire giant simulacrum (Vaults:1)
  3 dream sheep
  An iron dragon simulacrum (Depths:3)
  2 stone giant simulacra
  2 centaur simulacra
  6 spriggans
  23 jumping spiders
  20 culicivoras
  2 shadows
  3 air elementals
  A fire dragon skeleton (Crypt:1)
  4 flying skulls (Crypt:2)
  52 slime creatures
  5 wyverns
  18 water elementals
  12 wraiths
  A slime creature zombie (Crypt:3)
  2 ettin skeletons
  28 yaks
  6 fire elementals
  A golden eye (shapeshifter) (D:13)
  A chaos spawn (D:12)
  A golden eye (Slime:5)
  A basilisk (Lair:5)
  13 vampire mosquitoes
  38 redbacks
  Menkaure (D:7)
  2 glowing shapeshifter zombies
  2 large abominations (D:12)
  A hydra simulacrum (Crypt:1)
  A harpy simulacrum (IceCv)
  5 wargs
  3 acid dragons
  6 water moccasins
  24 orc warriors
  A swamp dragon zombie (Crypt:2)
  5 ice beasts
  4 black bears
  6 ogres
  9 wolves
  8 centaurs
  A rime drake zombie (Crypt:1)
  4 lemures (D:5)
  2 phantoms
  13 bullfrogs
  11 kobold brigands
  2 necrophages (Crypt:3)
  A two-headed ogre simulacrum (IceCv)
  An earth elemental (Elf:2)
  2 gnoll sergeants
  An elf skeleton (Crypt:3)
  A water moccasin zombie (Crypt:3)
  A scorpion (D:5)
  2 cane toad simulacra (IceCv)
  4 wights (D:10)
  A water moccasin skeleton (Crypt:3)
  20 killer bees
  An elephant simulacrum (IceCv)
  A nameless horror (Spider:4)
  9 howler monkeys
  2 electric eels (Lair:5)
  A hound (D:7)
  13 orc priests
  3 jellies
  A gnoll bouda (D:8)
  An iguana (D:6)
  3 sleepcaps
  A black bear skeleton (Crypt:1)
  27 orc wizards
  A polar bear simulacrum (IceCv)
  2 spriggan simulacra (IceCv)
  A wolf simulacrum (IceCv)
  9 gnolls
  6 adders
  4 naga simulacra (IceCv)
  A shadow imp (D:8)
  A white imp (D:8)
  An ufetubus (D:6)
  2 worms
  2 dart slugs (D:2)
  73 orcs
  6 ball pythons
  4 endoplasms
  8 giant cockroaches
  5 goblins
  8 hobgoblins
  2 quokkas (D:1)
  9 bats
  3 frilled lizards
  A frilled lizard zombie (Crypt:3)
  A giant cockroach zombie (Crypt:2)
  A goblin skeleton (Crypt:2)
  28 kobolds
  7 rats
  A rat zombie (Crypt:3)
  A spectral weapon (Vaults:3)
  7 tentacles (Shoals:1)
1956 creatures vanquished.

Vanquished Creatures (others)
  An ancient lich (Zot:5)
  2 orbs of fire (Zot:5)
  A Killer Klown (Zot:5)
  A tentacled monstrosity (Zot:5)
  A deep elf blademaster (Elf:3)
  4 Orb Guardians (Zot:5)
  349 eldritch tentacles
  A curse skull (Crypt:2)
  A draconian shifter (Zot:1)
  A draconian annihilator (Zot:5)
  An ironbound preserver (Vaults:1)
  A green draconian (Zot:5)
  2 great orbs of eyes
  A deep elf high priest (Elf:3)
  2 hydras
  A peacekeeper (Vaults:3)
  A death knight (D:14)
  A boulder beetle (D:13)
  A vampire mage (Crypt:1)
  An orc high priest (Orc:2)
  A deep elf knight (Elf:3)
  2 skeletal warriors (D:14)
  A goliath frog (Lair:5)
  A flayed ghost (Depths:1)
  A harpy (Shoals:4)
  An orc knight (Bailey)
  An orb spider (Spider:1)
  2 elephants (Lair:2)
  2 ice statues (IceCv)
  A gargoyle (D:11)
  3 cane toads (Lair:5)
  A freezing wraith (IceCv)
  A yaktaur (Vaults:1)
  A komodo dragon (Lair:2)
  3 ice devils (IceCv)
  A hornet (Depths:3)
  A tarantella (Spider:1)
  2 blink frogs
  2 dream sheep (Lair:2)
  5 jumping spiders
  2 slime creatures (Slime:5)
  2 culicivoras
  A spriggan (Depths:3)
  A wraith (D:12)
  12 yaks
  A vampire (D:12)
  A water elemental (Elf:2)
  2 vampire mosquitoes (Lair:5)
  2 water moccasins
  An acid dragon (D:11)
  2 hydra simulacra (IceCv)
  Pargi (Sewer)
  5 orc warriors
  4 ogres
  2 centaurs
  5 wolves
  4 kobold brigands (Bailey)
  A wight (D:10)
  A jelly (D:6)
  An orc priest (Orc:1)
  2 spriggan simulacra (IceCv)
  An adder (D:6)
  A white imp (IceCv)
  9 orcs
  A goblin (D:7)
  An orc skeleton (Crypt:3)
  19 tentacles
492 creatures vanquished.

Grand Total: 2629 creatures vanquished

Notes
Turn   | Place    | Note
-------+----------+-------------------------------------------
     0 | D:1      | Hi5aMiFi the Barachi Summoner began the quest for the Orb.
     0 | D:1      | Reached XP level 1. HP: 13/13 MP: 3/3
   305 | D:1      | Found a faded altar of an unknown god.
   533 | D:1      | Reached skill level 5 in Summonings
   533 | D:1      | Reached XP level 2. HP: 19/19 MP: 2/5
   536 | D:1      | Learned a level 2 spell: Call Imp
  1483 | D:2      | Reached XP level 3. HP: 24/24 MP: 2/7
  1554 | D:2      | Found a glowing golden altar of the Shining One.
  1564 | D:2      | Became a worshipper of the Shining One
  1604 | D:2      | Learned a level 3 spell: Call Canine Familiar
  1749 | D:2      | Noticed a phantom
  2123 | D:2      | Reached XP level 4. HP: 30/30 MP: 1/9
  2216 | D:2      | Killed a phantom
  2217 | D:2      | Reached skill level 6 in Summonings
  2217 | D:2      | Reached XP level 5. HP: 29/35 MP: 3/10
  2498 | D:3      | Found a glowing drain.
  2507 | D:3      | Noticed a centaur
  2599 | D:3      | Killed a centaur
  2600 | D:3      | Reached skill level 7 in Summonings
  2600 | D:3      | Reached XP level 6. HP: 41/41 MP: 0/12
  2644 | Sewer    | Entered a sewer
  2687 | Sewer    | Noticed Pargi
  2803 | Sewer    | Learned a level 3 spell: Summon Guardian Golem
  2828 | Sewer    | Killed Pargi
  3137 | D:3      | Learned a level 4 spell: Summon Lightning Spire
  3264 | D:3      | Found an opulent altar of Gozag.
  3416 | D:3      | Reached skill level 5 in Spellcasting
  3606 | D:3      | Found Ihassody's General Store.
  3609 | D:3      | Bought a scroll of identify for 22 gold pieces
  3609 | D:3      | Bought a scroll of identify for 22 gold pieces
  3740 | D:3      | Fell from the grace of the Shining One
  3740 | D:3      | Became a worshipper of Gozag Ym Sagoz the Greedy
  3866 | D:4      | Reached skill level 1 in Air Magic
  3866 | D:4      | Reached XP level 7. HP: 46/46 MP: 6/14
  4107 | D:4      | Found a sparkling altar of Nemelex Xobeh.
  4302 | D:4      | Reached skill level 8 in Summonings
  4703 | D:4      | You fall into a shaft and drop 2 floors!
  4853 | D:6      | Found a hazy altar of Hepliaklqana.
  4893 | D:6      | Reached skill level 5 in Air Magic
  4934 | D:6      | Reached XP level 8. HP: 56/56 MP: 4/15
  5485 | D:6      | Reached skill level 1 in Ice Magic
  5627 | D:6      | Found a staircase to the Ecumenical Temple.
  5759 | D:5      | Entered Level 5 of the Dungeon
  5878 | D:5      | Noticed Pikel
  6107 | D:5      | Killed Pikel
  6108 | D:5      | Reached XP level 9. HP: 63/63 MP: 2/18
  6581 | D:5      | Found a broken altar of Ashenzari.
  6823 | D:6      | Found Werem's Tremendous Tomes.
  6973 | D:7      | Learned a level 3 spell: Swiftness
  6982 | D:7      | Learned a level 4 spell: Airstrike
  7017 | D:7      | Found a flagged portal.
  7028 | Bailey   | Entered a bailey
  7304 | Bailey   | Noticed an orc knight
  7327 | Bailey   | Killed an orc knight
  7328 | Bailey   | Reached skill level 9 in Summonings
  7481 | Bailey   | Found an iron altar of Okawaru.
  7600 | D:7      | Reached skill level 5 in Dodging
  7606 | D:7      | Noticed Menkaure
  7723 | D:7      | Reached XP level 10. HP: 70/70 MP: 12/19
  7761 | D:7      | Found an iron altar of Okawaru.
  7903 | D:7      | Reached skill level 5 in Armour
  7903 | D:7      | Reached skill level 10 in Summonings
  8005 | D:7      | Identified the amulet of Xoderr {Spirit Harm}
  8021 | D:7      | Noticed a boulder beetle
  8419 | D:8      | Reached skill level 11 in Summonings
  8645 | D:8      | Found a basalt altar of Yredelemnul.
  9041 | D:8      | Reached skill level 12 in Summonings
  9440 | D:9      | Reached skill level 13 in Summonings
  9984 | D:9      | Reached XP level 11. HP: 75/75 MP: 13/20
 10169 | D:9      | Reached skill level 14 in Summonings
 10396 | D:9      | Noticed a two-headed ogre
 10411 | D:9      | Killed a two-headed ogre
 10808 | D:10     | Entered Level 10 of the Dungeon
 10941 | D:10     | Found a snail-covered altar of Cheibriados.
 10992 | D:10     | Identified the +1 robe "Kazix" {rC+ rN++ Slay-6 SInv}
 11548 | D:10     | Noticed a two-headed ogre
 11554 | D:10     | Killed a two-headed ogre
 11929 | D:6      | Bought the Opusculum on Changes and Coordinates for 912
                  | gold pieces
 12110 | D:7      | Killed a boulder beetle
 12111 | D:7      | Reached skill level 15 in Summonings
 12203 | D:7      | Killed Menkaure
 12457 | D:11     | Found a staircase to the Lair.
 12481 | D:11     | Noticed a cyclops
 12496 | D:11     | Killed a cyclops
 12579 | D:11     | Reached skill level 5 in Translocations
 12584 | D:11     | Found the +8 trishula "Condemnation" {holy, anguish, *Noise
                  | Fly rN+}
 12718 | D:11     | Noticed a cyclops
 12723 | D:11     | Killed a cyclops
 12841 | D:11     | Noticed a green ugly thing
 12848 | D:11     | Killed a green ugly thing
 12849 | D:11     | Reached XP level 12. HP: 81/81 MP: 23/24
 13036 | D:11     | Noticed a two-headed ogre
 13049 | D:11     | Killed a two-headed ogre
 13063 | D:11     | Noticed Psyche
 13076 | D:11     | Killed Psyche
 13100 | D:11     | Found a staircase to the Orcish Mines.
 14160 | Lair:1   | Entered Level 1 of the Lair of Beasts
 14247 | Lair:1   | Reached skill level 1 in Evocations
 14252 | Lair:1   | Found a frozen archway.
 14273 | IceCv    | Entered an ice cave
 14991 | IceCv    | Noticed a reaper
 15005 | IceCv    | Killed a reaper
 15006 | IceCv    | Reached skill level 10 in Translocations
 16314 | Lair:2   | Reached skill level 1 in Polearms
 16320 | Lair:2   | Gained mutation: You can hop long distances. [Barachi
                  | growth]
 16320 | Lair:2   | Reached XP level 13. HP: 86/86 MP: 17/25
 17313 | Lair:2   | Learned a level 7 spell: Malign Gateway
 17611 | Lair:2   | Found a hole to the Spider Nest.
 18001 | Lair:3   | Noticed Snorg
 18031 | Lair:3   | Killed Snorg
 18225 | Lair:3   | Noticed Josephine
 18231 | Lair:3   | Killed Josephine
 18332 | Lair:3   | Found a staircase to the Shoals.
 18482 | Lair:3   | Reached skill level 16 in Summonings
 18996 | Lair:4   | Reached XP level 14. HP: 93/93 MP: 27/27
 19603 | Lair:4   | Learned a level 7 spell: Summon Hydra
 19675 | Lair:4   | Found a viscous altar of Jiyva.
 19675 | Lair:4   | Found a staircase to the Slime Pits.
 19824 | Lair:5   | Entered Level 5 of the Lair of Beasts
 19856 | Lair:5   | Reached skill level 10 in Spellcasting
 19958 | Lair:5   | Reached skill level 17 in Summonings
 19960 | Lair:5   | Reached skill level 15 in Translocations
 20119 | Lair:5   | Noticed Nessos
 20131 | Lair:5   | Killed Nessos
 20387 | Lair:5   | Reached skill level 18 in Summonings
 21376 | Lair:5   | Reached skill level 19 in Summonings
 22175 | D:12     | Bought the +2 pair of boots of Sif Muna's Delight {Str+2
                  | Int+2} for 448 gold pieces
 22322 | D:12     | Reached skill level 1 in Shields
 22353 | D:12     | Reached XP level 15. HP: 74/100 MP: 17/29
 22828 | D:12     | Learned a level 2 spell: Blink
 23392 | D:12     | Noticed a storm dragon
 23672 | D:13     | Reached skill level 5 in Fighting
 23939 | D:13     | Found a gate to the Vaults.
 26023 | D:12     | Bought the +0 leather armour of Luimonk {rElec rF++ Slay-4}
                  | for 250 gold pieces
 26367 | D:12     | Killed a storm dragon
 26473 | Orc:1    | Entered Level 1 of the Orcish Mines
 26908 | Orc:2    | Entered Level 2 of the Orcish Mines
 27529 | Orc:2    | Found Moaxis Ytziu's Weapon Shop.
 27567 | Orc:2    | Found Ysuistre's Magic Scroll Shoppe.
 27569 | Orc:2    | Reached skill level 5 in Shields
 27614 | Orc:2    | Bought a scroll of identify for 22 gold pieces
 27614 | Orc:2    | Bought a scroll of poison for 44 gold pieces
 27614 | Orc:2    | Bought a scroll of blinking for 82 gold pieces
 27614 | Orc:2    | Bought a scroll of identify for 22 gold pieces
 27614 | Orc:2    | Bought a scroll of identify for 22 gold pieces
 27694 | Orc:2    | Found a staircase to the Elven Halls.
 28103 | Orc:2    | Noticed Maurice
 28116 | Orc:2    | Killed Maurice
 28420 | Orc:2    | Found Damaw's Assorted Antiques.
 28430 | Orc:2    | Bought a fuming brown potion for 24 gold pieces
 29014 | Orc:2    | Noticed Saint Roka
 29032 | Orc:2    | Killed Saint Roka
 29238 | Orc:2    | Found Naabb's Antique Weapon Emporium.
 29242 | Orc:2    | Found Suokui Futo's Antique Armour Shoppe.
 29265 | Orc:2    | Bought a shiny helmet for 142 gold pieces
 29309 | Orc:2    | Learned a level 4 spell: Passage of Golubria
 29534 | D:3      | Bought a potion of curing for 33 gold pieces
 29765 | D:10     | Bought a bubbling orange potion for 32 gold pieces
 29765 | D:10     | Bought an ichor-stained hat for 324 gold pieces
 29765 | D:10     | Identified the +2 hat of Docizuno {+Blink rF- Will+++
                  | Str-3} (You bought it in a shop on level 10 of the Dungeon)
 29779 | D:10     | Bought the ring "Tythry" {rN+ rCorr Int+3 Dex+3} for 569
                  | gold pieces
 30028 | Spider:1 | Entered Level 1 of the Spider Nest
 30036 | Spider:1 | Reached XP level 16. HP: 108/115 MP: 18/32
 30849 | Spider:1 | Reached skill level 20 in Summonings
 33128 | Shoals:1 | Entered Level 1 of the Shoals
 33494 | Shoals:1 | Noticed Louise
 33505 | Shoals:1 | Killed Louise
 33668 | Shoals:1 | Reached skill level 10 in Shields
 34471 | Shoals:1 | Reached XP level 17. HP: 108/120 MP: 34/34
 34601 | Shoals:1 | Noticed a kraken
 34607 | Shoals:1 | Killed a kraken
 35267 | Shoals:1 | Noticed a kraken
 35289 | Shoals:1 | Killed a kraken
 35767 | Shoals:2 | Learned a level 6 spell: Dispersal
 37034 | Shoals:3 | Noticed Polyphemus
 37131 | Shoals:3 | Killed Polyphemus
 38409 | Shoals:4 | Entered Level 4 of the Shoals
 38461 | Shoals:4 | Noticed a kraken
 38471 | Shoals:4 | Killed a kraken
 38750 | Shoals:4 | Reached skill level 10 in Dodging
 39130 | Shoals:4 | Identified the +5 quarterstaff of Destiny {protect, Will+
                  | Str+2 Dex+3}
 39643 | Shoals:4 | Reached XP level 18. HP: 107/127 MP: 20/36
 39650 | Shoals:4 | Reached skill level 15 in Spellcasting
 40615 | Shoals:4 | Got a barnacled rune of Zot
 40747 | Shoals:4 | Reached skill level 15 in Shields
 41128 | Shoals:4 | Identified the +6 flail "Frog's Doom" {spect, Stlth+}
 41554 | Lair:2   | Learned a level 1 spell: Apportation
 41557 | Lair:2   | Learned a level 2 spell: Sublimation of Blood
 41868 | D:12     | Bought a +2 kite shield of cold resistance for 322 gold
                  | pieces
 41942 | D:10     | Bought a fading arbalest for 342 gold pieces
 41942 | D:10     | Identified the +8 arbalest "Somoegg" {elec, rF+} (You
                  | bought it in a shop on level 10 of the Dungeon)
 42197 | Spider:3 | Reached skill level 1 in Ranged Weapons
 42198 | Spider:3 | Reached skill level 1 in Necromancy
 42460 | Spider:3 | Identified the +8 trident "Sialev" {pain, Will+ Str-5
                  | Dex+5}
 42914 | Spider:3 | Noticed Bai Suzhen
 42927 | Spider:3 | Killed Bai Suzhen
 43199 | Spider:4 | Entered Level 4 of the Spider Nest
 44363 | Spider:4 | Reached skill level 5 in Ranged Weapons
 44367 | Spider:4 | Reached skill level 5 in Evocations
 44566 | Spider:4 | Reached XP level 19. HP: 132/132 MP: 38/38
 45234 | Spider:4 | Reached XP level 20. HP: 139/139 MP: 39/39
 45435 | Spider:4 | Identified the +0 pair of gloves of the Loofah {-Tele rF++}
 45445 | Spider:4 | Got a gossamer rune of Zot
 45837 | D:13     | Bought the Codex of Creation and the Panacea for 600 gold
                  | pieces
 45845 | D:13     | Learned a level 5 spell: Summon Mana Viper
 45847 | Vaults:1 | Entered Level 1 of the Vaults
 45994 | Vaults:1 | Found a runed translucent door.
 48936 | Vaults:1 | Got a droning book
 49078 | Vaults:2 | Reached skill level 10 in Armour
 49274 | Vaults:2 | Noticed Aizul
 49286 | Vaults:2 | Killed Aizul
 49486 | Vaults:2 | Reached XP level 21. HP: 144/144 MP: 10/40
 50641 | Vaults:2 | Reached skill level 1 in Fire Magic
 51228 | D:13     | Bought the ring "Loohiac" {Fly rF+ rC+ MP+9 Dex-4} for 451
                  | gold pieces
 51519 | Vaults:3 | Noticed Asterion
 51553 | Vaults:3 | Killed Asterion
 52170 | Vaults:3 | Found Naavousaa's Distillery.
 52293 | Vaults:3 | Reached skill level 10 in Fighting
 52308 | Vaults:3 | Paralysed by a formless jellyfish for 1 turns
 52629 | Vaults:3 | Reached skill level 5 in Fire Magic
 52634 | Vaults:3 | Reached skill level 5 in Polearms
 53156 | Vaults:3 | Found a staircase to the Crypt.
 54003 | Vaults:4 | Identified the ring of Summer {rN+ Str+2 Dex+6}
 54658 | Vaults:4 | Paralysed by a formless jellyfish for 1 turns
 54664 | Vaults:4 | Reached XP level 22. HP: 121/159 MP: 39/41
 55470 | Vaults:4 | Reached skill level 5 in Necromancy
 56270 | D:15     | Entered Level 15 of the Dungeon
 56858 | D:15     | Found a staircase to the Depths.
 57160 | D:15     | Found a portal to a secret trove of treasure.
 57513 | Vaults:3 | Bought a potion of curing for 45 gold pieces
 57513 | Vaults:3 | Bought a potion of curing for 45 gold pieces
 57513 | Vaults:3 | Bought a potion of brilliance for 60 gold pieces
 57513 | Vaults:3 | Bought a potion of brilliance for 60 gold pieces
 57746 | Elf:1    | Entered Level 1 of the Elven Halls
 57926 | Elf:1    | Noticed Jorgrun
 57944 | Elf:1    | Killed Jorgrun
 58227 | Elf:1    | Noticed Frances
 58236 | Elf:1    | Killed Frances
 58570 | Elf:1    | Noticed Roxanne
 58658 | Elf:1    | Found a radiant altar of Vehumet.
 59175 | Elf:1    | Killed Roxanne
 59596 | Elf:2    | Noticed Zenata
 59613 | Elf:2    | Killed Zenata
 59686 | Elf:2    | Noticed Donald
 59700 | Elf:2    | Killed Donald
 59701 | Elf:2    | Reached skill level 10 in Necromancy
 60094 | Elf:2    | Found a runed translucent gate.
 60094 | Elf:2    | Found a runed translucent gate.
 60094 | Elf:2    | Found a runed translucent gate.
 60843 | Elf:3    | Entered Level 3 of the Elven Halls
 60869 | Elf:3    | Reached XP level 23. HP: 162/165 MP: 41/42
 61280 | Elf:3    | Paralysed by an air elemental for 1 turns
 61866 | Elf:3    | Identified the +8 short sword of In Flagrante Delicto
                  | {pain, Fragile rN+++ MP+9 Dex+6}
 61866 | Elf:3    | Identified the ring of the Pariah {rCorr AC+4 Int+3 Stlth+}
 61867 | Elf:3    | Identified the +0 leather armour of Moifufuh {rElec rC-
                  | rCorr Dex+3}
 62104 | Elf:3    | Identified the +10 sling of Anguish {flame, rF+ Int+3}
 62104 | Elf:3    | Identified the +8 sling "Demonbane" {drain, Will+ Dex+2}
 62104 | Elf:3    | Identified the ring of Keqej {Fly Will+ Str-3 SInv}
 62336 | Elf:3    | Identified the +0 scale mail of the Dragon {rPois rC-
                  | Will++}
 62342 | Elf:3    | Identified the +0 leather armour of Qazlal's Regard {*Slow
                  | rPois Str+4}
 62353 | Elf:3    | Identified the staff of Due Proportion {Dex+4 Conj}
 62357 | Elf:3    | Identified the +1 whip of Infection {heavy, rN+ Will+++
                  | Int-5 Stlth+}
 62363 | Elf:3    | Identified the staff of Karma {rN+ Int+5 Stlth+ Necro
                  | Poison}
 62365 | Elf:3    | Got a faded book
 62369 | Elf:3    | Identified the staff of the Inviting Traitor {rF+ rC+ Dex+4
                  | Fire}
 62412 | Elf:3    | Learned a level 7 spell: Haunt
 62559 | Elf:3    | Paralysed by an air elemental for 1 turns
 63164 | Crypt:1  | Entered Level 1 of the Crypt
 64023 | Crypt:1  | Noticed Boris
 64035 | Crypt:1  | Killed Boris
 64487 | Crypt:2  | Learned a level 7 spell: Monstrous Menagerie
 65983 | Crypt:2  | Found a basalt altar of Yredelemnul.
 66324 | Crypt:3  | Entered Level 3 of the Crypt
 66348 | Crypt:3  | Found a transporter.
 66656 | Crypt:3  | Identified the +4 war axe of the Shining Light {vamp, rC+}
 66671 | Crypt:3  | Found a transporter.
 66806 | Crypt:3  | Reached XP level 24. HP: 138/184 MP: 26/43
 66806 | Crypt:3  | Noticed a curse toe
 66811 | Crypt:3  | Killed a curse toe
 66812 | Crypt:3  | Reached skill level 15 in Necromancy
 66828 | Crypt:3  | Found a staircase to the Tomb.
 67080 | Crypt:3  | Noticed an ancient lich
 67172 | Crypt:3  | Noticed a dread lich
 67172 | Crypt:3  | Noticed an ancient lich
 67374 | Crypt:3  | Identified the +0 barding "Late" {Str+7 Dex-5}
 67376 | Crypt:3  | Killed an ancient lich
 67377 | Crypt:3  | Reached skill level 15 in Fighting
 67381 | Crypt:3  | Killed an ancient lich
 67387 | Crypt:3  | Killed a dread lich
 67467 | Crypt:3  | Identified the ring "Xuvere" {rN+ Dex+3 Stlth+}
 67467 | Crypt:3  | Identified the ring of Yreciysh {rElec rN+}
 67471 | Crypt:3  | Identified the staff of Honour {rPois rF+ MP+9 Dex-4 Stlth+
                  | Fire}
 67482 | Crypt:3  | Identified the +6 chain mail of Honeethruec {rElec Dex+8
                  | Slay-6 Stlth-}
 67536 | Crypt:3  | Found a one-way gate to the infinite horrors of the Abyss.
 67729 | Vaults:3 | Bought a potion of curing for 45 gold pieces
 67729 | Vaults:3 | Bought a potion of curing for 45 gold pieces
 68054 | D:3      | Bought a potion of cancellation for 88 gold pieces
 68335 | Slime:1  | Entered Level 1 of the Pits of Slime
 68512 | Slime:2  | Reached skill level 1 in Throwing
 69018 | Slime:5  | Entered Level 5 of the Pits of Slime
 69338 | Slime:5  | Noticed the Royal Jelly
 69363 | Slime:5  | Killed the Royal Jelly
 69921 | Slime:5  | Paralysed by a formless jellyfish for 1 turns
 70118 | Slime:5  | Paralysed by a formless jellyfish for 1 turns
 70229 | Slime:5  | Found the +9 sword of Power {lifebolt}
 70247 | Slime:5  | Identified the ring "Ryrgh" {Ice Will+ Int+2 Dex+2 Stlth+}
 70327 | Slime:5  | Identified the ring "Tuoshuv" {Fire rPois Will++ rCorr
                  | Slay-2}
 70366 | Slime:5  | Identified the +0 scale mail of Cisuorch {rPois Int+4}
 70373 | Slime:5  | Got a slimy rune of Zot
 70374 | Slime:5  | Identified the +0 spear of Valour {freeze, rN+}
 70387 | Slime:5  | Identified the ring "Zezosim" {Fire Int+3}
 70420 | Slime:5  | Identified the +1 hand axe "Frog's Curse" {spect, rPois rC+
                  | Dex-5 SInv}
 70939 | Depths:1 | Entered Level 1 of the Depths
 71303 | Depths:1 | Found an opulent altar of Gozag.
 71342 | Depths:1 | Found Xeptaman's General Store.
 71486 | Depths:1 | Found a blossoming altar of Fedhas.
 72370 | Depths:1 | Reached skill level 10 in Evocations
 72548 | Depths:1 | Noticed Margery
 72572 | Depths:1 | Killed Margery
 72579 | Depths:1 | Reached XP level 25. HP: 205/205 MP: 10/43
 72782 | Depths:1 | Found a gateway to Hell.
 73471 | D:15     | You paid a toll of a +5 demon whip to enter a treasure
                  | trove
 73472 | Trove    | Entered a treasure trove
 73474 | Trove    | Found the +2 shield of Resistance {rF++ rC++ Will++}
 73490 | Trove    | Identified the +6 plate armour of Hadjma {-Tele rPois
                  | Dex+2}
 73491 | Trove    | Identified the +1 hat of the Gusle {Fly Will- Stlth+}
 73492 | Trove    | Identified the +2 hat "Roix Xergh" {rElec rCorr}
 74488 | Depths:2 | Found a one-way gate leading to the halls of Pandemonium.
 74504 | Depths:2 | Reached skill level 10 in Fire Magic
 74615 | Depths:2 | Reached skill level 10 in Ranged Weapons
 75398 | Depths:2 | You are sucked into a shaft and drop 1 floor!
 75925 | Depths:2 | Bought a scroll of blinking for 165 gold pieces
 76806 | Depths:2 | Found a runed translucent door.
 76808 | Depths:2 | Found a runed translucent door.
 77097 | Depths:2 | Found a runed translucent door.
 77102 | Depths:2 | Found a runed translucent door.
 77570 | Depths:3 | Found Ifurus's Jewellery Shoppe.
 78360 | Depths:4 | Entered Level 4 of the Depths
 78861 | Depths:4 | Found Ruza's Jewellery Emporium.
 78862 | Depths:4 | Found Nipn's Book Boutique.
 78863 | Depths:4 | Found Cithrazi's Jewellery Emporium.
 79418 | Depths:4 | Found a gate to the Realm of Zot.
 79458 | Depths:4 | Found a one-way gateway to a ziggurat.
 80496 | Zot:1    | Entered Level 1 of the Realm of Zot
 80709 | Zot:1    | Noticed an orb of fire
 80713 | Zot:1    | Gained mutation: Your body sometimes deteriorates upon
                  | taking damage. [an orb of fire]
 80722 | Zot:1    | Killed an orb of fire
 81086 | Zot:1    | Reached XP level 26. HP: 103/213 MP: 6/43
 81747 | Zot:1    | Learned a level 8 spell: Ignition
 82150 | Zot:1    | Reached skill level 15 in Fire Magic
 87964 | Zot:4    | Reached XP level 27. HP: 176/219 MP: 40/43
 90171 | Zot:5    | Entered Level 5 of the Realm of Zot
 90607 | Zot:5    | Reached skill level 21 in Summonings
 90772 | Zot:5    | Noticed an orb of fire
 90772 | Zot:5    | Noticed a dread lich
 90775 | Zot:5    | Killed a dread lich
 90781 | Zot:5    | Noticed an ancient lich
 90782 | Zot:5    | Noticed an orb of fire
 90783 | Zot:5    | Noticed an orb of fire
 90783 | Zot:5    | Noticed an orb of fire
 90787 | Zot:5    | Gained mutation: You are weak. (Str -2) [an orb of fire]
 90828 | Zot:5    | Gained mutation: Your magical capacity is low. (-10% MP)
                  | [an orb of fire]
 90831 | Zot:5    | Killed an orb of fire
 90845 | Zot:5    | Killed an orb of fire
 90849 | Zot:5    | Killed an orb of fire
 90850 | Zot:5    | Lost mutation: Your body sometimes deteriorates upon taking
                  | damage. [potion of mutation]
 90850 | Zot:5    | Lost mutation: You are weak. (Str -2) [potion of mutation]
 90850 | Zot:5    | Lost mutation: Your magical capacity is low. (-10% MP)
                  | [potion of mutation]
 90850 | Zot:5    | Gained mutation: You are frail. (-10% HP) [potion of
                  | mutation]
 90850 | Zot:5    | Gained mutation: You are very frail. (-20% HP) [potion of
                  | mutation]
 90851 | Zot:5    | Lost mutation: You are very frail. (-20% HP) [potion of
                  | mutation]
 90851 | Zot:5    | Lost mutation: You are frail. (-10% HP) [potion of
                  | mutation]
 90851 | Zot:5    | Gained mutation: You are weak. (Str -2) [potion of
                  | mutation]
 90851 | Zot:5    | Gained mutation: You have sharp fingernails. [potion of
                  | mutation]
 90851 | Zot:5    | Gained mutation: You are covered in fur. (AC +1) [potion of
                  | mutation]
 90893 | Zot:5    | Noticed an orb of fire
 90896 | Zot:5    | Noticed an orb of fire
 91031 | Zot:5    | Noticed an orb of fire
 91089 | Zot:5    | Noticed an orb of fire
 91105 | Zot:5    | Killed an orb of fire
 91166 | Zot:5    | Noticed an orb of fire
 91178 | Zot:5    | Noticed an orb of fire
 91179 | Zot:5    | Identified a scroll of acquirement
 91191 | Zot:5    | Acquired 704 gold pieces
 91503 | Zot:5    | Got the Orb of Zot
 91525 | Zot:5    | Reached skill level 22 in Summonings
 92329 | D:$      | Escaped with the Orb!

Illustrated notes

Levels and vault maps discovered:
D:1:      shiori_shiawase, layout_loops_corners, ebering_ecumenical_altar_webs
D:2:      kennysheep_big_flooded_room, layout_basic, basic_altar
D:3:      layout_loops_cross, lemuel_coloured_pillars_altar,
          gup_sewer_entry_glass, serial_shops, nicolae_shop_behind_doors,
          solitary_fountain, small_statue_intersection, minmay_misc_feat_square,
          kennysheep_generic_room_14
D:4:      layout_basic, mainiacjoe_overflow_tiny_flanked, hangedman_decor_push
D:5:      layout_cave_pools, mainiacjoe_overflow_cross_hatched,
          minmay_misc_feat_diagonals, uniq_pikel
D:6:      layout_rooms, nicolae_hepliaklqana_hazy_memory, temple_fountains,
          nicolae_shop_i_like_big_books
D:7:      layout_rooms, marbit_many_paths, enter_bailey_4,
          amcnicky_mini_pool_small, uniq_menkaure
D:8:      layout_basic, lemuel_crystal_altar, grunt_ministairs_10,
          hangedman_decor_points, kennysheep_kite_vault
D:9:      layout_loops_cross
D:10:     layout_cave_pods, mainiacjoe_overflow_boulevard
D:11:     lemuel_ice_statue, layout_grid_maze, lair_entry_dummy, orc_david_3,
          uniq_psyche
D:12:     nzn_winding_woodlands_small [nzn_winding_woodlands_5x15_parted,
          nzn_winding_woodlands_center_lodge,
          nzn_winding_woodlands_5x15_river_crossing], layout_basic
D:13:     layout_long_grid, david_vaults_2, st_stairs_1
D:14:     layout_loops_ring, nicolae_figureground_pulse, roderic_serpentine_path
D:15:     grunt_enter_depths_snipers, layout_cave_pools,
          nicolae_trove_entry_path_of_doom
Lair:1:   layout_regular_city, gauntlet_entry_generic, portal_ice_cave_rime,
          minivault_11
Lair:2:   layout_cellular_growth, nicolae_spider_entry_tight_spaces,
          minivault_24, st_stairs_11, minmay_stone_trees_small
Lair:3:   layout_misc_corridors, shoals_dummy_entry, uniq_snorg, uniq_josephine
Lair:4:   layout_roguey, dpeg_slime_entry_enclosed, minmay_hedge_maze
Lair:5:   minmay_lair_end_frog_pond, layout_regular_city,
          dreamdust_deal_with_the_devil, grunt_forest_large_clearings,
          grunt_megastairs_3, serial_bayou_shore_b, uniq_nessos
Shoals:1: layout_shoals, uniq_louise
Shoals:2: layout_shoals, nicolae_shoals_lost_giant_baths
Shoals:3: layout_shoals, uniq_polyphemus
Shoals:4: shoals_end_simple, layout_shoals
Spider:1: layout_cave_pods, hellmonk_test_site
Spider:2: layout_spider_delve, spiders_nest_hornet_nest,
          hangedman_spider_tarantella_strand
Spider:3: layout_spider_delve, uniq_bai_suzhen
Spider:4: hellmonk_spider_rune_bug_friends
Slime:1:  layout_caves
Slime:2:  layout_caves
Slime:3:  layout_caves
Slime:4:  layout_caves
Slime:5:  slime_pit
Orc:1:    layout_diamond_mine, mines_bat_river
Orc:2:    grunt_orc_community_town_hall, layout_caves,
          grunt_orc_community_big_house_2, grunt_orc_community_big_house_1,
          grunt_orc_community_house_1, grunt_orc_community_house_3,
          grunt_orc_community_house_3, grunt_orc_community_house_1,
          grunt_orc_community_house_3, serial_shops,
          nicolae_shop_advertising_works [nicolae_subvault_shop_adworks],
          nicolae_orc_tapped_out, uniq_maurice
Elf:1:    hangedman_cross_stitches, layout_rooms, basic_altar,
          einodemon_armed_red_devil_minivault, uniq_jorgrun, uniq_roxanne,
          uniq_frances
Elf:2:    elven_hall_of_blades_hangedman_original
          [nicolae_blade_entry_hurt_lockers], layout_gridlike, uniq_donald,
          uniq_zenata
Elf:3:    minmay_elf_hall_circle, layout_loops_corners, drop_trap
Vaults:1: hangedman_vaults_stream, vaults_room_grunt_arrival_ludios,
          vaults_mumra_hexcomb, vaults_room_door_hall,
          nicolae_vaults_frosty_reception, nicolae_vaults_oozy_zoo,
          nicolae_vaults_border_crossing, nicolae_vaults_theta,
          nicolae_vaults_house_1, nicolae_vaults_variable_pillar_hall,
          layout_vaults_omnigrid
Vaults:2: nicolae_vaults_shipping_containers_4, ontoclasm_vaults_loading_screen,
          vaults_dpeg_cross, nicolae_vaults_cochlea,
          nicolae_vaults_little_squares_4, nicolae_vaults_theta,
          nicolae_vaults_closet_pinwheel_3, nicolae_vaults_storage_closets_1,
          nicolae_vaults_trapezoid_4, grunt_vaults_diagonal, v_misc_25,
          layout_vaults_omnicross, uniq_aizul
Vaults:3: nicolae_vaults_museum, v_misc_14, minmay_crypt_entry_simple_walls,
          nicolae_vaults_lightning_bolt, grunt_vaults_swirl,
          grunt_vaults_funnel, nicolae_vaults_trapezoid_3,
          nicolae_vaults_network_quincunx
          [nicolae_vaults_network_quincunx_subvault,
          nicolae_vaults_network_quincunx_subvault,
          nicolae_vaults_network_quincunx_subvault,
          nicolae_vaults_network_quincunx_subvault,
          nicolae_vaults_network_quincunx_subvault],
          nicolae_vaults_shrinking_rooms_1, nicolae_vaults_closet_pinwheel_5,
          v_alt_pattern_6, nicolae_vaults_house_2, nicolae_vaults_tangram_1,
          layout_vaults_maze, serial_shops, nicolae_shop_back_alley_shop,
          uniq_asterion
Vaults:4: hangedman_vaults_stitches, nicolae_vaults_offset_grid_hallway_2,
          nicolae_vaults_sightless_eye, nicolae_vaults_big_ls,
          nicolae_vaults_offset_grid_hallway_1, ontoclasm_vaults_shuriken,
          v_pattern_2, nicolae_vaults_tetromino_Z_2, nicolae_vaults_six-pack,
          grunt_vaults_twisty, layout_vaults_ring
Crypt:1:  layout_misc_corridors, uniq_boris
Crypt:2:  layout_regular_city, hangedman_blasphemy, uniq_josephina
Crypt:3:  david_glass_crypt, layout_rooms, gammafunk_ghost_abyssal_escape
Depths:1: minmay_distorted_concentric_squares, layout_basic, serial_shops,
          nicolae_shop_trees, nicolae_gozag_cash_rules_everything_around_me,
          grunt_metal_band, fedhas_altar_3
Depths:2: impenetrable_vault, layout_honeycomb, rand_demon_pan_entry_4,
          chequers_serial_rivers_small_b, hell_entry
Depths:3: kennysheep_ogre_elephant_herders, layout_basic, hell_entry,
          abyss_entry, serial_shops, nicolae_shop_just_a_little_nook,
          hex_intersection, nrook_mini_vaults,
          minmay_staircase_statues_hall_small
Depths:4: evilmike_zot_entry_basic, layout_cave_shapes, enter_ziggurat_c,
          serial_sigils_hangedman_scar, pf_vacation_house_of_asmodeus,
          grunt_megastairs_4, minmay_shop_grove, serial_bayou_shore_b
Zot:1:    layout_misc_corridors, grunt_megastairs_2, uniq_parghit
Zot:2:    grunt_twist_and_shout, layout_onion_interference
Zot:3:    layout_twisted_circle, st_stairs_10
Zot:4:    grunt_zot_stairs_faceoff, layout_onion_interference, lemuel_elevator
Zot:5:    layout_misc_corridors

Skill      XL: |  1  2  3  4  5  6  7  8  9 10 11 12 13 14 15 16 17 18 19 20 21 22 23 24 25 26 27 |
---------------+----------------------------------------------------------------------------------+-----
Summonings     | 5 6 7 8 9 13 15 16 19 20 22 | 22.7
Spellcasting   | 3 4 5 6 8 9 10 12 13 14 15 16 | 16.5
Air Magic      | 1 5 7 |  7.5
Fighting       | 2 3 7 10 13 18 | 18.5
Ice Magic      | 3 |  3.8
Armour         | 3 4 5 10 | 10.0
Hexes          | 2 3 |  3.0
Dodging        | 5 8 10 11 | 11.5
Translocations | 6 12 14 15 16 17 18 | 18.0
Evocations     | 3 5 6 10 | 10.0
Polearms       | 1 3 7 |  7.0
Shields        | 1 5 10 13 15 17 19 21 | 21.0
Ranged Weapons | 7 8 9 10 | 10.0
Necromancy     | 3 11 14 15 | 15.0
Fire Magic     | 8 9 14 20 | 20.5
Throwing       | 3 |  3.0
Stealth        | |  1.7

Action                     |  1- 3 |  4- 6 |  7- 9 | 10-12 | 13-15 | 16-18 | 19-21 | 22-24 | 25-27 || total
---------------------------+-------+-------+-------+-------+-------+-------+-------+-------+-------++-------
  Melee: Club              |     3 |       |       |       |       |       |       |       |       ||     3
         Punch             |     1 |       |       |     1 |     5 |       |       |       |       ||     7
         Staff             |     2 |    37 |     6 |       |       |       |       |       |    52 ||    97
         Trident           |       |       |     8 |    29 |       |       |       |       |       ||    37
         Trishula          |       |       |       |    17 |   252 |   122 |    59 |   186 |     7 ||   643
   Fire: Sling             |       |       |       |       |       |       |       |    26 |    14 ||    40
  Throw: Stone             |       |     8 |     3 |       |       |       |       |       |       ||    11
         Dart              |       |       |       |     3 |       |       |       |     1 |     3 ||     7
         Boomerang         |       |       |       |       |     7 |     2 |     5 |       |       ||    14
   Cast: Summon Small Mamm |    58 |    32 |    13 |    20 |     7 |     2 |       |       |       ||   132
         Call Imp          |     8 |     1 |       |    10 |     4 |       |       |       |       ||    23
         Call Canine Famil |     5 |    23 |    41 |    86 |    93 |     8 |       |       |       ||   256
         Summon Guardian G |       |     2 |    28 |    80 |    97 |     9 |     5 |       |       ||   221
         Summon Lightning  |       |       |    15 |    60 |    79 |    22 |    12 |    16 |     6 ||   210
         Airstrike         |       |       |     1 |    22 |    23 |    27 |    23 |    10 |       ||   106
         Swiftness         |       |       |     1 |     1 |     4 |     1 |       |     5 |     1 ||    13
         Malign Gateway    |       |       |       |       |    39 |    71 |    73 |    91 |    81 ||   355
         Summon Hydra      |       |       |       |       |    59 |   214 |   124 |   118 |    17 ||   532
         Passage of Golubr |       |       |       |       |       |     2 |     2 |    14 |     1 ||    19
         Blink             |       |       |       |       |       |     2 |     2 |     1 |       ||     5
         Dispersal         |       |       |       |       |       |     1 |       |     5 |    12 ||    18
         Sublimation of Bl |       |       |       |       |       |       |     2 |     1 |    19 ||    22
         Summon Mana Viper |       |       |       |       |       |       |    69 |   115 |    29 ||   213
         Haunt             |       |       |       |       |       |       |       |    80 |   272 ||   352
         Monstrous Menager |       |       |       |       |       |       |       |    40 |    73 ||   113
         Ignition          |       |       |       |       |       |       |       |       |    33 ||    33
 Invoke: Call Merchant     |       |       |       |       |     3 |       |     2 |       |     1 ||     6
         Potion Petition   |       |       |       |       |     1 |     2 |     2 |     6 |     4 ||    15
         Bribe Branch      |       |       |       |       |       |       |       |       |     3 ||     3
Ability: Hop               |     1 |     2 |     2 |     4 |    12 |     9 |    12 |    15 |    23 ||    80
  Evoke: Wand              |       |       |       |     1 |     8 |    19 |     7 |    22 |    48 ||   105
    Use: Scroll            |       |     8 |     8 |     5 |    13 |    10 |     5 |    16 |    21 ||    86
         Potion            |       |     3 |     3 |     3 |     4 |     5 |     8 |    14 |    26 ||    66
   Stab: Distracted        |       |       |       |     1 |     1 |     3 |     3 |     7 |     4 ||    19
         Paralysed         |       |       |       |       |     4 |     3 |       |       |     2 ||     9
         Sleeping          |       |       |       |       |       |     1 |       |       |       ||     1
         Invisible         |       |       |       |       |       |       |       |     1 |       ||     1
 Armour: Robe              |     7 |    47 |     1 |     2 |    90 |    92 |     2 |    94 |   228 ||   563
         Leather armour    |       |       |     4 |    65 |    85 |    67 |    58 |    93 |       ||   372
         Skin              |       |       |       |       |       |       |       |     1 |    11 ||    12
  Dodge: Dodged            |    14 |    52 |    20 |    49 |   129 |   150 |    45 |    77 |   122 ||   658
  Block: Buckler           |       |       |       |       |       |    26 |       |       |       ||    26
         Kite shield       |       |       |       |       |       |    28 |    94 |   206 |   136 ||   464
         Reflection        |       |       |       |       |       |       |    24 |    49 |     9 ||    82

Table legend: (Time is in decaauts)
 A = Elapsed time spent in this place.
 B = Non-inter-level travel time spent in this place.
 C = Inter-level travel time spent in this place.
 D = Time resting spent in this place.
 E = Time spent auto-exploring this place.
 F = Levels seen in this place.
 G = Mean time per level.
                   A        B        C        D        E       F      G
               +--------+--------+--------+--------+--------+-----+--------+
         Total | 102747 |  91033 |  11714 |  28486 |   7300 |  58 | 1771.5 |
       Dungeon |  25086 |  20693 |   4393 |   5217 |   2015 |  15 | 1672.4 |
          Lair |   8605 |   7368 |   1237 |   1642 |    649 |   5 | 1721.0 |
        Shoals |   8725 |   8406 |    319 |   3287 |    856 |   4 | 2181.2 |
   Spider Nest |   7122 |   6694 |    428 |   2143 |    641 |   4 | 1780.5 |
    Slime Pits |   2523 |   2479 |     44 |   1217 |    147 |   5 |  504.6 |
  Orcish Mines |   3539 |   3280 |    259 |    785 |    164 |   2 | 1769.5 |
   Elven Halls |   5579 |   5415 |    164 |   1063 |    806 |   3 | 1859.7 |
        Vaults |  13559 |  10985 |   2574 |   3680 |   1031 |   4 | 3389.8 |
         Crypt |   5376 |   4416 |    960 |   1469 |    226 |   3 | 1792.0 |
        Depths |   8658 |   7863 |    795 |   2635 |    128 |   4 | 2164.5 |
           Zot |  11768 |  11231 |    537 |   4590 |    633 |   5 | 2353.6 |
         Trove |     55 |     55 |      0 |      0 |      0 |   1 |   55.0 |
         Sewer |    475 |    475 |      0 |    112 |      0 |   1 |  475.0 |
        Bailey |    523 |    523 |      0 |    213 |      0 |   1 |  523.0 |
      Ice Cave |   1149 |   1149 |      0 |    430 |      0 |   1 | 1149.0 |
               +--------+--------+--------+--------+--------+-----+--------+

Top non-repeatable levels by time:
Vaults:1: 4320 daAuts
   Zot:1: 3540 daAuts
Vaults:3: 3448 daAuts
Shoals:4: 3107 daAuts
   Zot:3: 3024 daAuts
Vaults:4: 2995 daAuts
Vaults:2: 2794 daAuts
   Orc:2: 2725 daAuts
    D:11: 2709 daAuts
   Zot:4: 2656 daAuts
Depths:1: 2531 daAuts
Depths:2: 2469 daAuts
    D:12: 2447 daAuts
 Crypt:2: 2440 daAuts
Spider:4: 2337 daAuts
